Anaheim Ducks vs Winnipeg Jets
Created - Monday, October 6, 2025 at 07:55
Goals
|
| Anaheim Ducks |
0 |
1 |
1 |
2 |
| Winnipeg Jets |
0 |
2 |
1 |
3 |
|
Shots
|
| Anaheim Ducks |
10 |
11 |
10 |
31 |
| Winnipeg Jets |
11 |
10 |
13 |
34 |
|
1st period
No Goal
Penalties :
Brayden Schenn (ANA) for Tripping (Minor) at 0:19, Brenden Dillon (ANA) for Hooking (Minor) at 19:28
2nd period
1. Winnipeg Jets , Haydn Fleury 1 (Mikael Backlund 35, Jason Zucker 30) at 11:13 (PP)
2. Winnipeg Jets , Adam Lowry 14 (Ridly Greig 14) at 12:04
3. Anaheim Ducks , John Tavares 21 (Nazem Kadri 30, William Nylander 40) at 18:49
Penalties :
Brayden Schenn (ANA) for Roughing (Minor) at 11:06, John Tavares (ANA) for Delaying the game (Minor) at 15:02
3rd period
4. Winnipeg Jets , Oliver Ekman-Larsson 5 (Dylan Samberg 16, Ridly Greig 15) at 9:35
5. Anaheim Ducks , Chandler Stephenson 15 (Esa Lindell 12) at 13:42
Penalties :
No Penalty
Goalie Stats
Linus Ullmark (ANA), 31 saves from 34 shots - (0.912), L, 21-15-3, 59:23 minutes
Eric Comrie (WPG), 26 saves from 28 shots - (0.929), W, 8-11-1, 55:00 minutes
Dustin Wolf (WPG), 3 saves from 3 shots - (1.000), 5:00 minutes
Players Stats for Anaheim Ducks
Player Name G A P +/- PIM S H SB GA TA FO MP PP MP PK MP
------------------------------------------------------------------------------------
Alex Killorn 0 0 0 0 0 1 1 0 1 1 0/2 16:50 0:00 3:30
Brayden Schenn 0 0 0 -1 4 1 2 1 1 1 0/0 19:28 0:00 1:33
Brenden Dillon 0 0 0 0 2 1 1 1 0 1 0/0 18:33 0:00 1:23
Chandler Stephenson 1 0 1 0 0 5 0 3 0 1 6/11 16:41 0:00 3:30
Esa Lindell 0 1 1 -1 0 0 0 2 0 1 0/0 24:16 0:00 3:55
Ivan Provorov 0 0 0 1 0 2 0 1 0 2 0/0 21:03 0:00 4:37
J.T. Compher 0 0 0 0 0 1 0 0 0 1 1/1 10:46 0:00 2:27
John Tavares 1 0 1 1 2 1 1 1 0 0 12/18 15:06 0:00 0:00
Jonny Brodzinski 0 0 0 0 0 0 1 0 0 0 0/0 7:48 0:00 0:00
Joshua Morrissey 0 0 0 -1 0 3 0 3 0 0 0/0 20:51 0:00 0:04
Kevin Bahl 0 0 0 0 0 1 2 2 0 2 0/0 16:39 0:00 0:00
Mark Scheifele 0 0 0 -1 0 3 0 0 0 0 8/16 16:57 0:00 0:00
Mason Marchment 0 0 0 -1 0 0 4 1 0 0 0/2 15:55 0:00 0:00
Nazem Kadri 0 1 1 1 0 4 2 1 1 0 0/0 16:33 0:00 1:08
Parker Kelly 0 0 0 0 0 1 0 1 0 0 0/0 7:35 0:00 0:00
Philip Broberg 0 0 0 1 0 1 2 1 0 0 0/0 19:03 0:00 2:09
Will Cuylle 0 0 0 0 0 1 1 0 0 2 0/1 13:11 0:00 0:00
William Nylander 0 1 1 1 0 5 0 0 0 0 1/1 16:37 0:00 0:00
Players Stats for Winnipeg Jets
Player Name G A P +/- PIM S H SB GA TA FO MP PP MP PK MP
------------------------------------------------------------------------------------
Adam Lowry 1 0 1 2 0 2 2 0 2 0 7/13 17:52 2:57 0:00
Alexander Kerfoot 0 0 0 2 0 0 1 0 2 1 1/1 17:52 2:57 0:00
Alexis Lafreniere 0 0 0 0 0 0 3 0 2 0 0/0 8:10 0:00 0:00
Connor Bedard 0 0 0 0 0 7 2 0 0 0 0/1 19:50 3:07 0:00
Derek Forbort 0 0 0 0 0 2 1 3 1 0 0/0 21:09 2:53 0:00
Dylan Samberg 0 1 1 1 0 2 2 0 0 0 0/0 22:55 3:11 0:00
Haydn Fleury 1 0 1 -1 0 2 2 0 1 0 0/0 18:36 2:53 0:00
Jason Zucker 0 1 1 0 0 4 0 1 0 0 0/2 19:50 3:07 0:00
Joel Armia 0 0 0 0 0 0 0 0 0 0 0/0 8:10 0:00 0:00
Matvei Michkov 0 0 0 -2 0 1 1 0 0 0 0/1 14:08 0:00 0:00
Mikael Backlund 0 1 1 0 0 3 1 0 0 0 9/20 19:50 3:07 0:00
Nate Schmidt 0 0 0 0 0 0 0 5 0 1 0/0 17:51 0:00 0:00
Nino Niederreiter 0 0 0 0 0 1 3 0 1 0 0/0 8:10 0:00 0:00
Oliver Ekman-Larsson 1 0 1 1 0 3 1 2 1 0 0/0 23:33 3:11 0:00
Ridly Greig 0 2 2 2 0 1 2 1 2 0 1/1 17:52 2:57 0:00
Sean Durzi 0 0 0 -1 0 1 0 0 0 0 0/0 15:56 0:00 0:00
Taylor Hall 0 0 0 -2 0 1 0 0 0 0 0/1 14:08 0:00 0:00
Vladislav Namestnikov 0 0 0 -2 0 4 1 0 0 1 6/12 14:08 0:00 0:00
3 Stars
1 - Ridly Greig (WPG)
2 - Adam Lowry (WPG)
3 - Oliver Ekman-Larsson (WPG)
Power Play
Anaheim Ducks - 0 on 0 Attempt(s) - 0.00%
Winnipeg Jets - 1 on 4 Attempt(s) - 25.00%
Penalty Kill
Anaheim Ducks - 3 on 4 Attempt(s) - 75.00%
- Score 0 goal in Penalty Kill
Winnipeg Jets - 0 on 0 Attempt(s) - 0.00%
- Score 0 goal in Penalty Kill
Team Stat
Anaheim Ducks - Hits : 17 - Faceoff Wins : 28 - Blocked Shots : 18 - Penalty Minutes : 8
Winnipeg Jets - Hits : 22 - Faceoff Wins : 24 - Blocked Shots : 12 - Penalty Minutes : 0
Official
Referees : Unknown
Linesman : Unknown
Game Notes
9:35 of 3rd period - Winnipeg Jets goal is going for a video replay. After video review, Goal.
Eric Comrie is injured at 15:00 of 3rd period (Back Spasms)
Dustin Wolf enters game at 15:00 of 3rd period
Finance
Level 1 -- Attendance: 5796 (96.60%) -- Ticket Income $533,232
Level 2 -- Attendance: 4678 (93.56%) -- Ticket Income $257,290
Level 3 -- Attendance: 2878 (95.93%) -- Ticket Income $86,340
Level 4 -- Attendance: 4939 (98.78%) -- Ticket Income $108,658
Luxury Box -- Attendance: 924 (92.40%) -- Ticket Income $175,560
Game was played at the MTS Centre.
Total Attendance: 19215 (96.08%)
Total Ticket Income: $1,161,080
Other Income: $406,378
Total Income: $1,567,458
Anaheim Ducks
5 vs 5 Forward
Center Left Wing Right Wing Time % Phy DF OF
1 Mark Scheifele Mason Marchment Brayden Schenn 35 1 2 2
2 John Tavares Nazem Kadri William Nylander 35 1 2 2
3 Chandler Stephenson Will Cuylle Alex Killorn 20 1 2 2
4 J.T. Compher Parker Kelly Jonny Brodzinski 10 1 2 2
5 vs 5 Defense
Defense Defense Time % Phy DF OF
1 Esa Lindell Joshua Morrissey 36 1 2 2
2 Ivan Provorov Philip Broberg 33 1 2 2
3 Kevin Bahl Brenden Dillon 31 1 2 2
4 Esa Lindell Ivan Provorov 0 1 2 2
PowerPlay Forward
Center Left Wing Right Wing Time % Phy DF OF
1 Mark Scheifele Brayden Schenn William Nylander 50 1 1 3
2 Nazem Kadri John Tavares Mason Marchment 50 1 1 3
PowerPlay Defense
Defense Defense Time % Phy DF OF
1 Joshua Morrissey Philip Broberg 60 1 2 2
2 Ivan Provorov Esa Lindell 40 1 2 2
Penalty Kill 4 Players Forward
Center Wing Time % Phy DF OF
1 Chandler Stephenson Alex Killorn 60 1 3 1
2 J.T. Compher Brayden Schenn 40 1 3 1
Penalty Kill 4 Players Defense
Defense Defense Time % Phy DF OF
1 Esa Lindell Ivan Provorov 60 1 4 0
2 Brenden Dillon Philip Broberg 40 1 4 0
Penalty Kill - 3 Players Forward
Forward Time % Phy DF OF
1 Chandler Stephenson 60 1 4 0
2 Alex Killorn 40 1 4 0
Penalty Kill - 3 Players Defense
Defense Defense Time % Phy DF OF
1 Esa Lindell Ivan Provorov 60 1 4 0
2 Brenden Dillon Philip Broberg 40 1 4 0
4 vs 4 Forward
Center Wing Time % Phy DF OF
1 Chandler Stephenson William Nylander 60 1 2 2
2 Mark Scheifele Nazem Kadri 40 1 2 2
4 vs 4 Defense
Defense Defense Time % Phy DF OF
1 Esa Lindell Joshua Morrissey 60 1 2 2
2 Brenden Dillon Ivan Provorov 40 1 2 2
Last Minutes Offensive
Center Left Wing Right Wing Defense Defense
Mark Scheifele Brayden Schenn William Nylander Philip Broberg Joshua Morrissey
Last Minutes Defensive
Center Left Wing Right Wing Defense Defense
Chandler Stephenson Alex Killorn Brayden Schenn Ivan Provorov Esa Lindell
Goaltenders
Starting : Linus Ullmark
Backup : Damian Clara
Extra Forwards
Normal : William Nylander, Mark Scheifele, Nazem Kadri - PP : William Nylander, Nazem Kadri - PK : Chandler Stephenson
Extra Defensemen
Normal : Esa Lindell, Ivan Provorov, Brenden Dillon - PP : Joshua Morrissey - PK : Esa Lindell, Ivan Provorov
Penalty Shots
Chandler Stephenson, Mark Scheifele, Brayden Schenn, Alex Killorn, William Nylander
Scratches
Morgan Rielly (Healthy), James Reimer (Right Knee Injury)
Winnipeg Jets
5 vs 5 Forward
Center Left Wing Right Wing Time % Phy DF OF
1 Mikael Backlund Jason Zucker Connor Bedard 30 1 2 2
2 Adam Lowry Ridly Greig Alexander Kerfoot 30 1 2 2
3 Vladislav Namestnikov Taylor Hall Matvei Michkov 25 1 2 2
4 Nino Niederreiter Alexis Lafreniere Joel Armia 15 1 2 2
5 vs 5 Defense
Defense Defense Time % Phy DF OF
1 Oliver Ekman-Larsson Dylan Samberg 35 1 2 2
2 Nate Schmidt Derek Forbort 35 1 2 2
3 Sean Durzi Haydn Fleury 30 1 2 2
4 Oliver Ekman-Larsson Dylan Samberg 0 1 2 2
PowerPlay Forward
Center Left Wing Right Wing Time % Phy DF OF
1 Mikael Backlund Jason Zucker Connor Bedard 50 1 2 2
2 Adam Lowry Ridly Greig Alexander Kerfoot 50 1 2 2
PowerPlay Defense
Defense Defense Time % Phy DF OF
1 Oliver Ekman-Larsson Dylan Samberg 50 1 2 2
2 Haydn Fleury Derek Forbort 50 1 2 2
Penalty Kill 4 Players Forward
Center Wing Time % Phy DF OF
1 Mikael Backlund Jason Zucker 50 1 2 2
2 Adam Lowry Connor Bedard 50 1 2 2
Penalty Kill 4 Players Defense
Defense Defense Time % Phy DF OF
1 Oliver Ekman-Larsson Dylan Samberg 50 1 2 2
2 Nate Schmidt Derek Forbort 50 1 2 2
Penalty Kill - 3 Players Forward
Forward Time % Phy DF OF
1 Mikael Backlund 50 1 2 2
2 Jason Zucker 50 1 2 2
Penalty Kill - 3 Players Defense
Defense Defense Time % Phy DF OF
1 Oliver Ekman-Larsson Dylan Samberg 50 1 2 2
2 Nate Schmidt Derek Forbort 50 1 2 2
4 vs 4 Forward
Center Wing Time % Phy DF OF
1 Mikael Backlund Jason Zucker 50 1 2 2
2 Adam Lowry Connor Bedard 50 1 2 2
4 vs 4 Defense
Defense Defense Time % Phy DF OF
1 Oliver Ekman-Larsson Dylan Samberg 50 1 2 2
2 Sean Durzi Derek Forbort 50 1 2 2
Last Minutes Offensive
Center Left Wing Right Wing Defense Defense
Mikael Backlund Jason Zucker Connor Bedard Oliver Ekman-Larsson Dylan Samberg
Last Minutes Defensive
Center Left Wing Right Wing Defense Defense
Mikael Backlund Jason Zucker Connor Bedard Oliver Ekman-Larsson Dylan Samberg
Goaltenders
Starting : Eric Comrie
Backup : Dustin Wolf
Extra Forwards
Normal : Joel Armia, Taylor Hall, Matvei Michkov - PP : Joel Armia, Taylor Hall - PK : Matvei Michkov
Extra Defensemen
Normal : Derek Forbort, Oliver Ekman-Larsson, Dylan Samberg - PP : Oliver Ekman-Larsson - PK : Dylan Samberg, Oliver Ekman-Larsson
Penalty Shots
Mikael Backlund, Jason Zucker, Adam Lowry, Connor Bedard, Ridly Greig
Scratches
Sam Steel (Healthy), Barclay Goodrow (Healthy), Michael Kesselring (Healthy)
% Time on Ice - Anaheim Ducks
Lines # - Real PCT - Wanted PCT - Time Play
Normal Forward
1 - 31% - 35% - 16:28
2 - 30% - 35% - 15:40
3 - 25% - 20% - 13:11
4 - 14% - 10% - 7:35
Normal Defense
1 - 37% - 36% - 19:19
2 - 32% - 33% - 17:09
3 - 31% - 31% - 16:26
4 - 0% - 0% - 0:00
PP Forward
1 - 0% - 50%
2 - 0% - 50%
PP Defense
1 - 0% - 60%
2 - 0% - 40%
PK Forward
1 - 69% - 60% - 4:10
2 - 31% - 40% - 1:54
PK Defense
1 - 63% - 60% - 3:51
2 - 37% - 40% - 2:13
PK3 Forward
1 - 0% - 60%
2 - 0% - 40%
PK3 Defense
1 - 0% - 60%
2 - 0% - 40%
44 Forward
1 - 0% - 60%
2 - 0% - 40%
44 Defense
1 - 0% - 60%
2 - 0% - 40%
Last Minute Offensive - 1:02
Last Minute Defensive - 0:00
Total
Forward - 60:00
Defense - 60:00
|
% Time on Ice - Winnipeg Jets
Lines # - Real PCT - Wanted PCT - Time Play
Normal Forward
1 - 30% - 30% - 15:44
2 - 28% - 30% - 14:55
3 - 27% - 25% - 14:08
4 - 15% - 15% - 8:10
Normal Defense
1 - 35% - 35% - 18:45
2 - 34% - 35% - 18:16
3 - 30% - 30% - 15:56
4 - 0% - 0% - 0:00
PP Forward
1 - 51% - 50% - 3:07
2 - 49% - 50% - 2:57
PP Defense
1 - 52% - 50% - 3:11
2 - 48% - 50% - 2:53
PK Forward
1 - 0% - 50%
2 - 0% - 50%
PK Defense
1 - 0% - 50%
2 - 0% - 50%
PK3 Forward
1 - 0% - 50%
2 - 0% - 50%
PK3 Defense
1 - 0% - 50%
2 - 0% - 50%
44 Forward
1 - 0% - 50%
2 - 0% - 50%
44 Defense
1 - 0% - 50%
2 - 0% - 50%
Last Minute Offensive - 0:00
Last Minute Defensive - 0:59
Total
Forward - 60:00
Defense - 60:00
|
Play-by-Play
1st period
0:01 of 1st period - Mikael Backlund wins face-off versus Mark Scheifele in neutral zone.
0:19 of 1st period - Minor Penalty to Brayden Schenn for Tripping.
0:20 of 1st period - Chandler Stephenson wins face-off versus Mikael Backlund in Anaheim Ducks zone.
1:46 of 1st period - Ivan Provorov is hit by Haydn Fleury and loses puck.
2:09 of 1st period - Ivan Provorov is hit by Adam Lowry and loses puck.
2:19 of 1st period - Penalty to Brayden Schenn is over, Brayden Schenn is back on ice.
2:32 of 1st period - Brenden Dillon is hit by Dylan Samberg.
4:14 of 1st period - Philip Broberg is hit by Haydn Fleury and loses puck.
4:50 of 1st period - Brenden Dillon is hit by Ridly Greig and loses puck.
5:32 of 1st period - Snap shot by Vladislav Namestnikov.
5:32 of 1st period - Stopped by Linus Ullmark with a rebound.
5:34 of 1st period - Snap shot by Matvei Michkov.
5:34 of 1st period - Shot Misses the Net.
5:54 of 1st period - Chandler Stephenson is hit by Alexis Lafreniere and loses puck.
6:22 of 1st period - Mikael Backlund is hit by Philip Broberg and loses puck.
7:15 of 1st period - Snap shot by Alexis Lafreniere.
7:15 of 1st period - Shot Misses the Net.
7:25 of 1st period - Slapshot by Connor Bedard.
7:25 of 1st period - Shot Misses the Net.
7:27 of 1st period - Slapshot by Sean Durzi.
7:27 of 1st period - Deflect By Connor Bedard.
7:27 of 1st period - Shot Misses the Net.
7:27 of 1st period - Puck is out of play.
7:28 of 1st period - John Tavares wins face-off versus Mikael Backlund in Anaheim Ducks zone.
7:35 of 1st period - Snap shot by William Nylander.
7:35 of 1st period - Shot Misses the Net.
7:41 of 1st period - Wrist shot by John Tavares.
7:41 of 1st period - Shot Blocked by Nate Schmidt.
7:43 of 1st period - Snap shot by Nazem Kadri.
7:43 of 1st period - Stopped by Eric Comrie with a rebound.
7:45 of 1st period - Slapshot by Ivan Provorov.
7:45 of 1st period - Stopped by Eric Comrie without a rebound.
7:46 of 1st period - Chandler Stephenson wins face-off versus Adam Lowry in Winnipeg Jets zone.
8:44 of 1st period - Snap shot by Nino Niederreiter.
8:44 of 1st period - Stopped by Linus Ullmark without a rebound.
8:45 of 1st period - John Tavares wins face-off versus Adam Lowry in Anaheim Ducks zone.
9:10 of 1st period - Nate Schmidt is hit by Kevin Bahl and loses puck.
9:17 of 1st period - Snap shot by Mark Scheifele.
9:17 of 1st period - Shot Misses the Net.
9:31 of 1st period - Slapshot by Connor Bedard.
9:31 of 1st period - Shot Misses the Net.
9:33 of 1st period - Slapshot by Connor Bedard.
9:33 of 1st period - Shot Misses the Net.
9:35 of 1st period - Wrist shot by Oliver Ekman-Larsson.
9:35 of 1st period - Stopped by Linus Ullmark with a rebound.
9:38 of 1st period - Icing by Brenden Dillon.
9:39 of 1st period - Alexander Kerfoot wins face-off versus Will Cuylle in Anaheim Ducks zone.
10:08 of 1st period - Wrist shot by William Nylander.
10:08 of 1st period - Shot Misses the Net.
10:10 of 1st period - Slapshot by Kevin Bahl.
10:10 of 1st period - Deflect By Nazem Kadri.
10:10 of 1st period - Shot Misses the Net.
10:10 of 1st period - Puck is out of play.
10:11 of 1st period - John Tavares wins face-off versus Mikael Backlund in Winnipeg Jets zone.
10:26 of 1st period - Slapshot by Mikael Backlund.
10:26 of 1st period - Stopped by Linus Ullmark with a rebound.
10:28 of 1st period - Slapshot by Dylan Samberg.
10:28 of 1st period - Stopped by Linus Ullmark with a rebound.
11:05 of 1st period - Slapshot by Vladislav Namestnikov.
11:05 of 1st period - Stopped by Linus Ullmark without a rebound.
11:06 of 1st period - Chandler Stephenson wins face-off versus Adam Lowry in Anaheim Ducks zone.
12:12 of 1st period - Snap shot by Chandler Stephenson.
12:12 of 1st period - Stopped by Eric Comrie with a rebound.
12:14 of 1st period - Snap shot by Alex Killorn.
12:14 of 1st period - Shot Misses the Net.
12:16 of 1st period - Snap shot by Alex Killorn.
12:16 of 1st period - Shot Misses the Net.
12:20 of 1st period - Slapshot by Chandler Stephenson.
12:20 of 1st period - Stopped by Eric Comrie with a rebound.
12:22 of 1st period - Wrist shot by Chandler Stephenson.
12:22 of 1st period - Stopped by Eric Comrie without a rebound.
12:23 of 1st period - Mikael Backlund wins face-off versus Mason Marchment in Winnipeg Jets zone.
12:32 of 1st period - Wrist shot by Mikael Backlund.
12:32 of 1st period - Stopped by Linus Ullmark with a rebound.
12:34 of 1st period - Snap shot by Jason Zucker.
12:34 of 1st period - Stopped by Linus Ullmark with a rebound.
12:36 of 1st period - Wrist shot by Jason Zucker.
12:36 of 1st period - Stopped by Linus Ullmark without a rebound.
12:37 of 1st period - John Tavares wins face-off versus Taylor Hall in Anaheim Ducks zone.
12:51 of 1st period - Slapshot by Nazem Kadri.
12:51 of 1st period - Stopped by Eric Comrie without a rebound.
12:52 of 1st period - Mikael Backlund wins face-off versus Mark Scheifele in Winnipeg Jets zone.
12:52 of 1st period - Mikael Backlund is hit by Brayden Schenn.
13:18 of 1st period - Esa Lindell is hit by Nino Niederreiter and loses puck.
13:44 of 1st period - Snap shot by Mark Scheifele.
13:44 of 1st period - Stopped by Eric Comrie with a rebound.
14:05 of 1st period - Backhand shot by Esa Lindell.
14:05 of 1st period - Shot Misses the Net.
14:07 of 1st period - Snap shot by Nazem Kadri.
14:07 of 1st period - Stopped by Eric Comrie with a rebound.
14:25 of 1st period - Brenden Dillon is hit by Nino Niederreiter and loses puck.
14:44 of 1st period - Joel Armia is hit by Will Cuylle.
15:08 of 1st period - Wrist shot by Chandler Stephenson.
15:08 of 1st period - Shot Misses the Net.
15:10 of 1st period - Slapshot by Ivan Provorov.
15:10 of 1st period - Shot Hit the Post.
15:51 of 1st period - Wrist shot by Connor Bedard.
15:51 of 1st period - Shot Blocked by Parker Kelly.
16:23 of 1st period - Adam Lowry is hit by Alex Killorn and loses puck.
16:51 of 1st period - Sean Durzi is hit by Nazem Kadri and loses puck.
17:31 of 1st period - Snap shot by Alex Killorn.
17:31 of 1st period - Stopped by Eric Comrie with a rebound.
17:33 of 1st period - Slapshot by Ivan Provorov.
17:33 of 1st period - Stopped by Eric Comrie with a rebound.
17:35 of 1st period - Wrist shot by Will Cuylle.
17:35 of 1st period - Shot Misses the Net.
17:37 of 1st period - Slapshot by Chandler Stephenson.
17:37 of 1st period - Shot Blocked by Nate Schmidt.
17:51 of 1st period - Slapshot by Adam Lowry.
17:51 of 1st period - Shot Blocked by Kevin Bahl.
17:53 of 1st period - Wrist shot by Adam Lowry.
17:53 of 1st period - Shot Misses the Net.
17:55 of 1st period - Slapshot by Derek Forbort.
17:55 of 1st period - Stopped by Linus Ullmark with a rebound.
17:57 of 1st period - Backhand shot by Derek Forbort.
17:57 of 1st period - Stopped by Linus Ullmark without a rebound.
17:58 of 1st period - Mikael Backlund wins face-off versus Mark Scheifele in Anaheim Ducks zone.
18:11 of 1st period - Snap shot by Connor Bedard.
18:11 of 1st period - Shot Blocked by Joshua Morrissey.
19:15 of 1st period - Snap shot by Vladislav Namestnikov.
19:15 of 1st period - Shot Misses the Net.
19:28 of 1st period - Minor Penalty to Brenden Dillon for Hooking.
19:29 of 1st period - Ridly Greig wins face-off versus Chandler Stephenson in Anaheim Ducks zone.
19:30 of 1st period - Snap shot by Alexander Kerfoot.
19:30 of 1st period - Shot Misses the Net.
19:32 of 1st period - Wrist shot by Ridly Greig.
19:32 of 1st period - Shot Misses the Net.
Goals for this period are 0 for Anaheim Ducks vs 0 for Winnipeg Jets.
Shots for this period are 10 for Anaheim Ducks vs 11 for Winnipeg Jets.
2nd period
0:01 of 2nd period - Chandler Stephenson wins face-off versus Connor Bedard in neutral zone.
1:28 of 2nd period - Penalty to Brenden Dillon is over, Brenden Dillon is back on ice.
1:59 of 2nd period - Sean Durzi is hit by John Tavares and loses puck.
2:30 of 2nd period - Slapshot by Chandler Stephenson.
2:30 of 2nd period - Deflect By Alex Killorn.
2:30 of 2nd period - Shot Hit the Post.
2:30 of 2nd period - Puck is out of play.
2:31 of 2nd period - Vladislav Namestnikov wins face-off versus Alex Killorn in Winnipeg Jets zone.
2:42 of 2nd period - Wrist shot by Vladislav Namestnikov.
2:42 of 2nd period - Deflect By Matvei Michkov.
2:42 of 2nd period - Shot Misses the Net.
2:42 of 2nd period - Puck is out of play.
2:43 of 2nd period - John Tavares wins face-off versus Mikael Backlund in Anaheim Ducks zone.
2:43 of 2nd period - John Tavares is hit by Mikael Backlund.
3:09 of 2nd period - Kevin Bahl is hit by Adam Lowry and loses puck.
5:31 of 2nd period - Slapshot by Mark Scheifele.
5:31 of 2nd period - Stopped by Eric Comrie with a rebound.
5:33 of 2nd period - Snap shot by Mark Scheifele.
5:33 of 2nd period - Stopped by Eric Comrie with a rebound.
5:40 of 2nd period - Icing by Sean Durzi.
5:41 of 2nd period - Adam Lowry wins face-off versus Chandler Stephenson in Winnipeg Jets zone.
5:46 of 2nd period - Alex Killorn is hit by Alexander Kerfoot and loses puck.
6:35 of 2nd period - Wrist shot by John Tavares.
6:35 of 2nd period - Shot Misses the Net.
7:16 of 2nd period - Slapshot by Chandler Stephenson.
7:16 of 2nd period - Shot Blocked by Oliver Ekman-Larsson.
7:57 of 2nd period - Wrist shot by Matvei Michkov.
7:57 of 2nd period - Shot Misses the Net.
7:59 of 2nd period - Wrist shot by Taylor Hall.
7:59 of 2nd period - Shot Blocked by Brenden Dillon.
8:01 of 2nd period - Wrist shot by Matvei Michkov.
8:01 of 2nd period - Stopped by Linus Ullmark without a rebound.
8:02 of 2nd period - John Tavares wins face-off versus Adam Lowry in Anaheim Ducks zone.
8:09 of 2nd period - Snap shot by William Nylander.
8:09 of 2nd period - Shot Misses the Net.
8:11 of 2nd period - Slapshot by Joshua Morrissey.
8:11 of 2nd period - Stopped by Eric Comrie with a rebound.
8:13 of 2nd period - Slapshot by Esa Lindell.
8:13 of 2nd period - Shot Blocked by Derek Forbort.
8:15 of 2nd period - Slapshot by William Nylander.
8:15 of 2nd period - Stopped by Eric Comrie with a rebound.
8:17 of 2nd period - Slapshot by John Tavares.
8:17 of 2nd period - Deflect By William Nylander.
8:17 of 2nd period - Stopped by Eric Comrie with a rebound.
8:19 of 2nd period - Wrist shot by William Nylander.
8:19 of 2nd period - Shot Blocked by Derek Forbort.
8:29 of 2nd period - Ridly Greig is hit by Jonny Brodzinski and loses puck.
8:34 of 2nd period - Snap shot by Jonny Brodzinski.
8:34 of 2nd period - Shot Misses the Net.
8:36 of 2nd period - Snap shot by Parker Kelly.
8:36 of 2nd period - Shot Misses the Net.
8:38 of 2nd period - Slapshot by Esa Lindell.
8:38 of 2nd period - Shot Blocked by Derek Forbort.
8:40 of 2nd period - Slapshot by J.T. Compher.
8:40 of 2nd period - Stopped by Eric Comrie with a rebound.
8:42 of 2nd period - Slapshot by Joshua Morrissey.
8:42 of 2nd period - Shot Blocked by Ridly Greig.
9:15 of 2nd period - Off-side.
9:16 of 2nd period - Vladislav Namestnikov wins face-off versus Chandler Stephenson in neutral zone.
9:21 of 2nd period - Snap shot by Taylor Hall.
9:21 of 2nd period - Shot Blocked by Chandler Stephenson.
9:23 of 2nd period - Slapshot by Sean Durzi.
9:23 of 2nd period - Stopped by Linus Ullmark without a rebound.
9:24 of 2nd period - John Tavares wins face-off versus Jason Zucker in Anaheim Ducks zone.
9:41 of 2nd period - Slapshot by Connor Bedard.
9:41 of 2nd period - Stopped by Linus Ullmark without a rebound.
9:42 of 2nd period - Adam Lowry wins face-off versus Mark Scheifele in Anaheim Ducks zone.
9:43 of 2nd period - Snap shot by Ridly Greig.
9:43 of 2nd period - Shot Blocked by Joshua Morrissey.
9:45 of 2nd period - Snap shot by Sean Durzi.
9:45 of 2nd period - Shot Blocked by Joshua Morrissey.
9:47 of 2nd period - Snap shot by Adam Lowry.
9:47 of 2nd period - Stopped by Linus Ullmark without a rebound.
9:48 of 2nd period - Mark Scheifele wins face-off versus Adam Lowry in Anaheim Ducks zone.
10:18 of 2nd period - Snap shot by Jason Zucker.
10:18 of 2nd period - Stopped by Linus Ullmark without a rebound.
10:19 of 2nd period - John Tavares wins face-off versus Mikael Backlund in Anaheim Ducks zone.
10:21 of 2nd period - Icing by William Nylander.
10:22 of 2nd period - John Tavares wins face-off versus Mikael Backlund in Anaheim Ducks zone.
10:49 of 2nd period - Wrist shot by Nazem Kadri.
10:49 of 2nd period - Stopped by Eric Comrie without a rebound.
10:50 of 2nd period - Adam Lowry wins face-off versus Mason Marchment in Winnipeg Jets zone.
11:06 of 2nd period - Minor Penalty to Brayden Schenn for Roughing.
11:07 of 2nd period - Mikael Backlund wins face-off versus Alex Killorn in Anaheim Ducks zone.
11:07 of 2nd period - Snap shot by Jason Zucker.
11:07 of 2nd period - Shot Blocked by Esa Lindell.
11:09 of 2nd period - Slapshot by Haydn Fleury.
11:09 of 2nd period - Deflect By Jason Zucker.
11:09 of 2nd period - Stopped by Linus Ullmark with a rebound.
11:11 of 2nd period - Snap shot by Mikael Backlund.
11:11 of 2nd period - Shot Blocked by Ivan Provorov.
11:13 of 2nd period - Slapshot by Haydn Fleury.
11:13 of 2nd period - Goal by Haydn Fleury - Anaheim Ducks : 0 - Winnipeg Jets : 1.
11:14 of 2nd period - John Tavares wins face-off versus Vladislav Namestnikov in neutral zone.
11:46 of 2nd period - Wrist shot by Mason Marchment.
11:46 of 2nd period - Shot Misses the Net.
12:04 of 2nd period - Snap shot by Ridly Greig.
12:04 of 2nd period - Deflect By Adam Lowry.
12:04 of 2nd period - Goal by Adam Lowry - Anaheim Ducks : 0 - Winnipeg Jets : 2.
12:05 of 2nd period - Vladislav Namestnikov wins face-off versus John Tavares in neutral zone.
12:08 of 2nd period - Philip Broberg is hit by Vladislav Namestnikov and loses puck.
12:30 of 2nd period - Mikael Backlund is hit by Brayden Schenn and loses puck.
12:39 of 2nd period - Wrist shot by Connor Bedard.
12:39 of 2nd period - Stopped by Linus Ullmark with a rebound.
12:41 of 2nd period - Wrist shot by Mikael Backlund.
12:41 of 2nd period - Stopped by Linus Ullmark with a rebound.
12:57 of 2nd period - Slapshot by Chandler Stephenson.
12:57 of 2nd period - Shot Misses the Net.
12:59 of 2nd period - Wrist shot by Will Cuylle.
12:59 of 2nd period - Stopped by Eric Comrie without a rebound.
13:00 of 2nd period - William Nylander wins face-off versus Vladislav Namestnikov in Winnipeg Jets zone.
13:27 of 2nd period - Snap shot by Ridly Greig.
13:27 of 2nd period - Shot Blocked by Brayden Schenn.
13:33 of 2nd period - Wrist shot by Ridly Greig.
13:33 of 2nd period - Shot Misses the Net.
13:49 of 2nd period - Slapshot by Joshua Morrissey.
13:49 of 2nd period - Stopped by Eric Comrie without a rebound.
13:50 of 2nd period - Chandler Stephenson wins face-off versus Mikael Backlund in Winnipeg Jets zone.
13:57 of 2nd period - Snap shot by Chandler Stephenson.
13:57 of 2nd period - Shot Blocked by Nate Schmidt.
14:32 of 2nd period - Wrist shot by Taylor Hall.
14:32 of 2nd period - Shot Blocked by Kevin Bahl.
14:38 of 2nd period - Wrist shot by Matvei Michkov.
14:38 of 2nd period - Deflect By Vladislav Namestnikov.
14:38 of 2nd period - Shot Misses the Net.
14:38 of 2nd period - Puck is out of play.
14:39 of 2nd period - Mikael Backlund wins face-off versus John Tavares in Anaheim Ducks zone.
14:46 of 2nd period - Slapshot by Connor Bedard.
14:46 of 2nd period - Shot Misses the Net.
15:02 of 2nd period - Minor Penalty to John Tavares for Delaying the game.
15:03 of 2nd period - Adam Lowry wins face-off versus Chandler Stephenson in Anaheim Ducks zone.
15:12 of 2nd period - Snap shot by Ridly Greig.
15:12 of 2nd period - Shot Blocked by Esa Lindell.
15:14 of 2nd period - Slapshot by Ridly Greig.
15:14 of 2nd period - Shot Misses the Net.
15:16 of 2nd period - Slapshot by Derek Forbort.
15:16 of 2nd period - Shot Blocked by Chandler Stephenson.
15:18 of 2nd period - Slapshot by Derek Forbort.
15:18 of 2nd period - Shot Misses the Net.
15:52 of 2nd period - Ivan Provorov is hit by Oliver Ekman-Larsson and loses puck.
16:12 of 2nd period - Chandler Stephenson is hit by Connor Bedard and loses puck.
16:39 of 2nd period - Alex Killorn is hit by Dylan Samberg and loses puck.
17:02 of 2nd period - Penalty to John Tavares is over, John Tavares is back on ice.
17:31 of 2nd period - Parker Kelly is hit by Alexis Lafreniere and loses puck.
17:54 of 2nd period - Snap shot by Brenden Dillon.
17:54 of 2nd period - Stopped by Eric Comrie without a rebound.
17:55 of 2nd period - Mark Scheifele wins face-off versus Adam Lowry in Winnipeg Jets zone.
18:04 of 2nd period - Ivan Provorov is hit by Ridly Greig and loses puck.
18:09 of 2nd period - Backhand shot by Ridly Greig.
18:09 of 2nd period - Shot Misses the Net.
18:19 of 2nd period - Mark Scheifele is hit by Alexis Lafreniere and loses puck.
18:31 of 2nd period - Slapshot by Nino Niederreiter.
18:31 of 2nd period - Shot Blocked by Philip Broberg.
18:49 of 2nd period - Snap shot by John Tavares.
18:49 of 2nd period - Goal by John Tavares - Anaheim Ducks : 1 - Winnipeg Jets : 2.
18:50 of 2nd period - Mikael Backlund wins face-off versus John Tavares in neutral zone.
Goals for this period are 1 for Anaheim Ducks vs 2 for Winnipeg Jets.
Shots for this period are 11 for Anaheim Ducks vs 10 for Winnipeg Jets.
3rd period
0:01 of 3rd period - Mikael Backlund wins face-off versus John Tavares in neutral zone.
0:06 of 3rd period - Slapshot by Jason Zucker.
0:06 of 3rd period - Shot Blocked by John Tavares.
0:12 of 3rd period - Snap shot by Nazem Kadri.
0:12 of 3rd period - Shot Blocked by Nate Schmidt.
0:14 of 3rd period - Wrist shot by William Nylander.
0:14 of 3rd period - Stopped by Eric Comrie without a rebound.
0:15 of 3rd period - Adam Lowry wins face-off versus Mark Scheifele in Winnipeg Jets zone.
0:15 of 3rd period - Adam Lowry is hit by Mason Marchment.
0:21 of 3rd period - Wrist shot by Ridly Greig.
0:21 of 3rd period - Stopped by Linus Ullmark with a rebound.
0:23 of 3rd period - Slapshot by Adam Lowry.
0:23 of 3rd period - Shot Misses the Net.
0:48 of 3rd period - Slapshot by Kevin Bahl.
0:48 of 3rd period - Stopped by Eric Comrie with a rebound.
0:52 of 3rd period - Wrist shot by William Nylander.
0:52 of 3rd period - Shot Misses the Net.
1:03 of 3rd period - Off-side.
1:04 of 3rd period - J.T. Compher wins face-off versus Vladislav Namestnikov in neutral zone.
1:39 of 3rd period - Snap shot by Mark Scheifele.
1:39 of 3rd period - Shot Misses the Net.
1:41 of 3rd period - Slapshot by Esa Lindell.
1:41 of 3rd period - Shot Blocked by Nate Schmidt.
2:24 of 3rd period - Alexis Lafreniere is hit by Philip Broberg and loses puck.
3:09 of 3rd period - Adam Lowry is hit by Mason Marchment.
3:28 of 3rd period - William Nylander is hit by Nino Niederreiter and loses puck.
3:40 of 3rd period - Icing by Connor Bedard.
3:41 of 3rd period - Chandler Stephenson wins face-off versus Jason Zucker in Winnipeg Jets zone.
4:19 of 3rd period - Wrist shot by Connor Bedard.
4:19 of 3rd period - Stopped by Linus Ullmark without a rebound.
4:20 of 3rd period - Mark Scheifele wins face-off versus Matvei Michkov in Anaheim Ducks zone.
5:36 of 3rd period - Wrist shot by Jason Zucker.
5:36 of 3rd period - Shot Misses the Net.
5:38 of 3rd period - Slapshot by Connor Bedard.
5:38 of 3rd period - Shot Misses the Net.
5:40 of 3rd period - Snap shot by Jason Zucker.
5:40 of 3rd period - Shot Misses the Net.
5:42 of 3rd period - Slapshot by Oliver Ekman-Larsson.
5:42 of 3rd period - Stopped by Linus Ullmark with a rebound.
7:10 of 3rd period - Sean Durzi is hit by Mason Marchment and loses puck.
7:26 of 3rd period - Wrist shot by Connor Bedard.
7:26 of 3rd period - Stopped by Linus Ullmark with a rebound.
7:28 of 3rd period - Slapshot by Sean Durzi.
7:28 of 3rd period - Shot Misses the Net.
7:30 of 3rd period - Wrist shot by Connor Bedard.
7:30 of 3rd period - Stopped by Linus Ullmark with a rebound.
7:32 of 3rd period - Snap shot by Connor Bedard.
7:32 of 3rd period - Stopped by Linus Ullmark without a rebound.
7:33 of 3rd period - Vladislav Namestnikov wins face-off versus John Tavares in Anaheim Ducks zone.
7:44 of 3rd period - Wrist shot by Vladislav Namestnikov.
7:44 of 3rd period - Stopped by Linus Ullmark with a rebound.
7:50 of 3rd period - Slapshot by Joshua Morrissey.
7:50 of 3rd period - Stopped by Eric Comrie with a rebound.
8:08 of 3rd period - Snap shot by J.T. Compher.
8:08 of 3rd period - Shot Misses the Net.
8:10 of 3rd period - Wrist shot by Philip Broberg.
8:10 of 3rd period - Stopped by Eric Comrie with a rebound.
8:12 of 3rd period - Wrist shot by Parker Kelly.
8:12 of 3rd period - Stopped by Eric Comrie with a rebound.
8:32 of 3rd period - Snap shot by Chandler Stephenson.
8:32 of 3rd period - Shot Misses the Net.
8:45 of 3rd period - Icing by Dylan Samberg.
8:46 of 3rd period - Adam Lowry wins face-off versus Mark Scheifele in Winnipeg Jets zone.
9:29 of 3rd period - Snap shot by Ridly Greig.
9:29 of 3rd period - Shot Hit the Post.
9:31 of 3rd period - Slapshot by Dylan Samberg.
9:31 of 3rd period - Shot Blocked by Mason Marchment.
9:33 of 3rd period - Wrist shot by Dylan Samberg.
9:33 of 3rd period - Stopped by Linus Ullmark with a rebound.
9:35 of 3rd period - Backhand shot by Oliver Ekman-Larsson.
9:35 of 3rd period - Deflect By Brayden Schenn.
9:35 of 3rd period - Winnipeg Jets goal is going for a video replay.
9:35 of 3rd period - The goal is good.
9:35 of 3rd period - Goal by Oliver Ekman-Larsson - Anaheim Ducks : 1 - Winnipeg Jets : 3.
9:36 of 3rd period - John Tavares wins face-off versus Mikael Backlund in neutral zone.
10:38 of 3rd period - Snap shot by Connor Bedard.
10:38 of 3rd period - Stopped by Linus Ullmark without a rebound.
10:39 of 3rd period - Mark Scheifele wins face-off versus Vladislav Namestnikov in Anaheim Ducks zone.
11:13 of 3rd period - Snap shot by Alexander Kerfoot.
11:13 of 3rd period - Shot Blocked by Chandler Stephenson.
11:53 of 3rd period - Brenden Dillon is hit by Derek Forbort and loses puck.
12:38 of 3rd period - Icing by Haydn Fleury.
12:39 of 3rd period - John Tavares wins face-off versus Vladislav Namestnikov in Winnipeg Jets zone.
13:18 of 3rd period - Snap shot by Matvei Michkov.
13:18 of 3rd period - Shot Misses the Net.
13:20 of 3rd period - Snap shot by Haydn Fleury.
13:20 of 3rd period - Stopped by Linus Ullmark with a rebound.
13:22 of 3rd period - Slapshot by Haydn Fleury.
13:22 of 3rd period - Shot Misses the Net.
13:42 of 3rd period - Wrist shot by Chandler Stephenson.
13:42 of 3rd period - Goal by Chandler Stephenson - Anaheim Ducks : 2 - Winnipeg Jets : 3.
13:43 of 3rd period - Adam Lowry wins face-off versus John Tavares in neutral zone.
13:46 of 3rd period - Slapshot by Ridly Greig.
13:46 of 3rd period - Shot Blocked by Nazem Kadri.
14:12 of 3rd period - Slapshot by Chandler Stephenson.
14:12 of 3rd period - Shot Misses the Net.
14:14 of 3rd period - Slapshot by Ivan Provorov.
14:14 of 3rd period - Deflect By Will Cuylle.
14:14 of 3rd period - Shot Misses the Net.
14:14 of 3rd period - Puck is out of play.
14:15 of 3rd period - Mikael Backlund wins face-off versus Chandler Stephenson in Winnipeg Jets zone.
15:00 of 3rd period - Slapshot by Chandler Stephenson.
15:00 of 3rd period - Stopped by Eric Comrie with a rebound.
15:00 of 3rd period - Eric Comrie from Winnipeg Jets is injured at 15:00 of 3rd period (Back Spasms).
15:00 of 3rd period - Dustin Wolf enters game.
15:01 of 3rd period - Vladislav Namestnikov wins face-off versus Mark Scheifele in Winnipeg Jets zone.
15:10 of 3rd period - Brenden Dillon is hit by Matvei Michkov and loses puck.
15:27 of 3rd period - Nino Niederreiter is hit by Brenden Dillon and loses puck.
16:05 of 3rd period - Ridly Greig is hit by Kevin Bahl and loses puck.
16:18 of 3rd period - Wrist shot by Alex Killorn.
16:18 of 3rd period - Shot Misses the Net.
16:30 of 3rd period - Snap shot by Taylor Hall.
16:30 of 3rd period - Shot Misses the Net.
16:32 of 3rd period - Snap shot by Vladislav Namestnikov.
16:32 of 3rd period - Stopped by Linus Ullmark with a rebound.
16:34 of 3rd period - Slapshot by Taylor Hall.
16:34 of 3rd period - Stopped by Linus Ullmark without a rebound.
16:35 of 3rd period - Vladislav Namestnikov wins face-off versus Mark Scheifele in Anaheim Ducks zone.
16:36 of 3rd period - Snap shot by Matvei Michkov.
16:36 of 3rd period - Shot Misses the Net.
17:09 of 3rd period - Slapshot by William Nylander.
17:09 of 3rd period - Stopped by Dustin Wolf with a rebound.
17:32 of 3rd period - Off-side.
17:33 of 3rd period - Mark Scheifele wins face-off versus Vladislav Namestnikov in neutral zone.
17:36 of 3rd period - Taylor Hall is hit by Mason Marchment and loses puck.
17:59 of 3rd period - Matvei Michkov is hit by Nazem Kadri and loses puck.
18:44 of 3rd period - Wrist shot by Connor Bedard.
18:44 of 3rd period - Shot Misses the Net.
18:46 of 3rd period - Snap shot by Jason Zucker.
18:46 of 3rd period - Shot Misses the Net.
19:08 of 3rd period - Wrist shot by Jason Zucker.
19:08 of 3rd period - Shot Misses the Net.
19:14 of 3rd period - Wrist shot by Mikael Backlund.
19:14 of 3rd period - Shot Misses the Net.
19:19 of 3rd period - Off-side.
19:20 of 3rd period - Rick Tocchet call a timeout for Anaheim Ducks.
19:20 of 3rd period - Mark Scheifele wins face-off versus Mikael Backlund in neutral zone.
19:23 of 3rd period - Anaheim Ducks, Linus Ullmark is pulled from the net.
19:33 of 3rd period - Philip Broberg is hit by Connor Bedard and loses puck.
19:46 of 3rd period - Slapshot by William Nylander.
19:46 of 3rd period - Shot Misses the Net.
19:48 of 3rd period - Snap shot by Brayden Schenn.
19:48 of 3rd period - Stopped by Dustin Wolf without a rebound.
19:49 of 3rd period - Mark Scheifele wins face-off versus Mikael Backlund in Winnipeg Jets zone.
19:50 of 3rd period - Snap shot by William Nylander.
19:50 of 3rd period - Stopped by Dustin Wolf without a rebound.
19:51 of 3rd period - Mark Scheifele wins face-off versus Mikael Backlund in Winnipeg Jets zone.
19:54 of 3rd period - Snap shot by Mark Scheifele.
19:54 of 3rd period - Shot Blocked by Jason Zucker.
19:56 of 3rd period - Snap shot by Brayden Schenn.
19:56 of 3rd period - Shot Blocked by Oliver Ekman-Larsson.
Goals for this period are 1 for Anaheim Ducks vs 1 for Winnipeg Jets.
Shots for this period are 10 for Anaheim Ducks vs 13 for Winnipeg Jets.
Back to the Top